 Dungeon Crawl Stone Soup version 0.29.0-4-gdea44cf6ec (webtiles) character file.

Game seed: 3983007977099493378

217 qw the Chopper (level 5, -4/30 HPs)
             Began as a Tengu Warper on Aug 28, 2022.
             Slain by an ice beast (7 damage)
             ... on level 4 of the Dungeon.
             The game lasted 00:00:29 (4436 turns).

qw the Chopper (Tengu Warper)                       Turns: 4436, Time: 00:00:30

Health: -4/30      AC:  6    Str: 13    XL:     5   Next: 94%
Magic:  9/9        EV: 10    Int: 13    God:
Gold:   42         SH:  4    Dex: 14    Spells: 8/8 levels left

rFire   + . .      SeeInvis .   Y - +0 hand axe
rCold   + . .      Faith    .   n - +0 buckler
rNeg    + . .      Spirit   .   c - +0 scale mail
rPois   +          Reflect  .   f - -2 hat of the Alchemist {rElec rPois rF+ rC+ rN+ Will+ rMut rCorr}
rElec   +          Harm     .   k - +0 cloak
rCorr   +          Rampage  .   b - +0 pair of gloves {Stlth+}
rMut    +                       (boots unavailable)
Will    +....                   (no amulet)
Stlth   +.........              (no ring)
HPRegen 0.10/turn               (no ring)
MPRegen 0.11/turn

@: flying quickly and evasively, quick
A: beak, talons 3, nimble flight
a: no special abilities


You were on level 4 of the Dungeon.
You visited 1 branch of the dungeon, and saw 4 of its levels.

You collected 222 gold pieces.
You spent 180 gold pieces at shops.


Innate Abilities, Weirdness & Mutations

You have a beak for a mouth.
You have claws for feet.
Your magical nature lets you fly swiftly and evasively.


   Skills:
 - Level 2.0 Fighting
 + Level 6.2 Axes
 - Level 1.0 Throwing
 - Level 1.1 Armour
 - Level 2.1 Dodging
 - Level 1.4 Shields
 - Level 2.0 Spellcasting
 - Level 2.4 Translocations


You had 8 spell levels left.
You didn't know any spells.
Your spell library contained the following spells:

 Spells                   Type           Power      Damage    Failure   Level
 Blink                    Tloc           14%        N/A       67%         2
 Gell's Gravitas          Tloc           7%         N/A       88%         3
 Lesser Beckoning         Tloc           7%         N/A       88%         3
 Teleport Other           Tloc           7%         N/A       88%         3
 Manifold Assault         Tloc           7%         N/A       100%        5

Inventory:

Hand Weapons
 d - a +0 flail
 Y - a +0 hand axe (weapon)
Missiles
 i - 3 boomerangs (quivered)
Armour
 b - a +0 pair of gloves of stealth (worn)
 c - a +0 scale mail (worn)
 f - the -2 hat of the Alchemist (worn) {rElec rPois rF+ rC+ rN+ Will+ rMut rCorr}
   (You acquired it on level 1 of the Dungeon)

   rF:        It protects you from fire.
   rC:        It protects you from cold.
   rElec:     It insulates you from electricity.
   rPois:     It protects you from poison.
   rN:        It protects you from negative energy.
   rCorr:     It protects you from acid and corrosion.
   rMut:      It protects you from mutation.
   Will:      It increases your willpower.
 k - a +0 cloak (worn)
 n - a +0 buckler (worn)
Jewellery
 a - a +6 ring of dexterity
 j - a ring of see invisible
Scrolls
 g - a scroll of identify
Potions
 e - a potion of might {unknown}
 h - a potion of haste {unknown}
 o - a potion of attraction {unknown}

Dungeon Overview and Level Annotations

Branches:
Dungeon (4/15)
 Temple: D:4-7

Altars:
Fedhas
Nemelex Xobeh
Vehumet

Shops:
D:4 =

Annotations:
D:3 3 runed translucent doors, Robin; qw's ghost, amateur TeWr


Message History

The ice beast closely misses you.
The ice beast hits you but does no damage.
You hit the ice beast.
The ice beast is moderately wounded.
You block the ice beast's attack.
You hit the ice beast.
You peck the ice beast, but do no damage.
The ice beast is moderately wounded.
You completely miss the ice beast.
The ice beast is moderately wounded.
The ice beast hits you. The ice beast freezes you. You resist.
You hit the ice beast.
The ice beast is heavily wounded.
The ice beast hits you but does no damage.
You hit the ice beast.
The ice beast is severely wounded.
You hear the brisk hiss of a distant avalanche of sand.
The ice beast closely misses you.
You hit the ice beast but do no damage. Your kick misses the ice beast.
The ice beast is severely wounded.
The ice beast closely misses you.
You hit the ice beast but do no damage. You claw the ice beast.
The ice beast is severely wounded.
The ice beast hits you. The ice beast freezes you. You resist.
You barely miss the ice beast. Your kick misses the ice beast.
Your peck misses the ice beast.
The ice beast is severely wounded.
The ice beast hits you. The ice beast freezes you. You resist.
You hit the ice beast.
You claw the ice beast, but do no damage.
The ice beast is almost dead.
The ice beast hits you. The ice beast freezes you. You resist.
You hit the ice beast but do no damage. You claw the ice beast.
You peck the ice beast.
The ice beast is almost dead.
The ice beast barely misses you.
You closely miss the ice beast.
The ice beast is almost dead.
The ice beast hits you. The ice beast freezes you! You resist.
You die...

#.####...#............
#.####.......####..... ..
#.......##...#........ .
#.#####'###.......#... #.
#.........#...........
#..#.........#...........
.###.##........#....#......
...............#.####......
####..)..Y@#####.. +......
..............# ####......
........##.................
........##.................
....#######..#.............
... #.#............. .. .#
.......#.... Y .. .....
#.... .. ... #####


You could see an ice beast.

Vanquished Creatures
  A howler monkey (D:3)
  An iguana (D:4)
  5 adders
  5 dart slugs
  3 orcs
  7 endoplasms
  5 giant cockroaches
  5 goblins
  9 hobgoblins
  6 jackals (D:3)
  5 kobolds
  3 quokkas
  14 ball pythons
  6 bats
  6 frilled lizards
  8 rats
89 creatures vanquished.

Notes
Turn   | Place    | Note
-------+----------+-------------------------------------------
     0 | D:1      | qw the Tengu Warper began the quest for the Orb.
     0 | D:1      | Reached XP level 1. HP: 12/12 MP: 4/4
     0 | D:1      | 0 ||| qw: Version: 0.1-a-89-g26bdef1
     0 | D:1      | 0 ||| qw: Game counter: 2600
     0 | D:1      | 0 ||| qw: Always use a shield: true
     0 | D:1      | 0 ||| qw: God list: Okawaru
     0 | D:1      | 0 ||| qw: Allow faded altars: false
     0 | D:1      | 0 ||| qw: Do Orc after D:15 true
     0 | D:1      | 0 ||| qw: Do second Lair branch before Depths: true
     0 | D:1      | 0 ||| qw: Lair rune preference: random
     0 | D:1      | 0 ||| qw: Plans: Normal
     0 | D:1      | 0 ||| PLANNING D:1-11
   155 | D:1      | Reached skill level 3 in Axes
   155 | D:1      | Reached XP level 2. HP: 17/17 MP: 6/6
   605 | D:1      | Found a faded altar of an unknown god.
   895 | D:1      | 895 ||| UPGRADING to +0 cloak.
   900 | D:1      | 900 ||| READING 3 scrolls labelled MENO SYMOPP.
  1022 | D:1      | 1022 ||| READING scroll labelled GEWNAJ YGUIKE.
  1027 | D:1      | 1027 ||| READING scroll labelled XEOXKO YRYTY.
  1028 | D:1      | 1028 ||| READING scroll labelled ZEMPEA OHEDEH.
  1028 | D:1      | Identified a scroll of acquirement
  1028 | D:1      | 1028 ||| ACQUIRING -2 hat of the Alchemist {rElec rPois rF+
                  | rC+ rN+ Will+ rMut rCorr}
  1028 | D:1      | Acquired the -2 hat of the Alchemist {rElec rPois rF+ rC+
                  | rN+ Will+ rMut rCorr}
  1028 | D:1      | Found the -2 hat of the Alchemist {rElec rPois rF+ rC+ rN+
                  | Will+ rMut rCorr}
  1030 | D:1      | 1030 ||| UPGRADING to -2 hat of the Alchemist {rElec rPois
                  | rF+ rC+ rN+ Will+ rMut rCorr}.
  1035 | D:1      | 1035 ||| READING scroll labelled KASIDUET NOGU.
  1036 | D:1      | 1036 ||| READING scroll labelled ECO TOYSIE.
  1037 | D:1      | 1037 ||| DRINKING 2 coppery potions.
  1073 | D:1      | 1073 ||| DROPPING 2 scrolls of torment.
  1074 | D:1      | 1074 ||| DROPPING scroll of blinking.
  1075 | D:1      | 1075 ||| DROPPING potion of lignification.
  1115 | D:2      | 1115 ||| STAIRDANCE
  1122 | D:1      | Reached XP level 3. HP: 12/21 MP: 7/7
  1247 | D:2      | 1247 ||| STAIRDANCE
  1464 | D:2      | 1464 ||| Stepping ~*~*~tactically~*~*~ (hiding).
  1566 | D:2      | 1566 ||| Stepping ~*~*~tactically~*~*~ (hiding).
  1668 | D:2      | 1668 ||| Stepping ~*~*~tactically~*~*~ (hiding).
  1676 | D:2      | Reached skill level 4 in Axes
  2185 | D:2      | Found a blossoming altar of Fedhas.
  2661 | D:2      | 2661 ||| DROPPING +0 club.
  2666 | D:2      | 2666 ||| UPGRADING to +0 ring mail.
  2676 | D:2      | 2676 ||| DROPPING +0 leather armour.
  2677 | D:2      | 2677 ||| DRINKING 3 murky pink potions.
  2678 | D:2      | 2678 ||| DROPPING 2 potions of brilliance.
  2705 | D:3      | 2705 ||| Stepping randomly (stuck).
  2706 | D:3      | 2706 ||| Stepping randomly (stuck).
  2707 | D:3      | 2707 ||| Stepping randomly (stuck).
  2708 | D:3      | 2708 ||| Stepping randomly (stuck).
  2709 | D:3      | 2709 ||| Stepping randomly (stuck).
  2710 | D:3      | 2710 ||| Stepping randomly (stuck).
  2711 | D:3      | 2711 ||| Stepping randomly (stuck).
  2712 | D:3      | 2712 ||| Stepping randomly (stuck).
  2713 | D:3      | 2713 ||| Stepping randomly (stuck).
  2714 | D:3      | 2714 ||| Stepping randomly (stuck).
  2715 | D:3      | 2715 ||| Stepping randomly (stuck).
  2716 | D:3      | 2716 ||| Stepping randomly (stuck).
  2717 | D:3      | 2717 ||| Stepping randomly (stuck).
  2718 | D:3      | 2718 ||| Stepping randomly (stuck).
  2719 | D:3      | 2719 ||| Stepping randomly (stuck).
  2720 | D:3      | 2720 ||| Stepping randomly (stuck).
  2721 | D:3      | 2721 ||| Stepping randomly (stuck).
  2722 | D:3      | 2722 ||| Stepping randomly (stuck).
  2723 | D:3      | 2723 ||| Stepping randomly (stuck).
  2729 | D:3      | Reached XP level 4. HP: 25/26 MP: 8/8
  2741 | D:3      | 2741 ||| Stepping randomly (stuck).
  2742 | D:3      | 2742 ||| Stepping randomly (stuck).
  2744 | D:3      | 2744 ||| Stepping randomly (stuck).
  2745 | D:3      | 2745 ||| Stepping randomly (stuck).
  2746 | D:3      | 2746 ||| Stepping randomly (stuck).
  2747 | D:3      | 2747 ||| Stepping randomly (stuck).
  2748 | D:3      | 2748 ||| Stepping randomly (stuck).
  2749 | D:3      | 2749 ||| Stepping randomly (stuck).
  2772 | D:3      | 2772 ||| READING scroll of acquirement.
  2772 | D:3      | 2772 ||| ACQUIRING +0 pair of gloves of stealth
  2772 | D:3      | Acquired a +0 pair of gloves of stealth
  2774 | D:3      | 2774 ||| UPGRADING to +0 pair of gloves of stealth.
  2882 | D:3      | 2882 ||| FLEEEEING.
  2883 | D:3      | 2883 ||| FLEEEEING.
  2884 | D:3      | 2884 ||| FLEEEEING.
  2885 | D:3      | 2885 ||| FLEEEEING.
  2892 | D:3      | Found a sparkling altar of Nemelex Xobeh.
  3004 | D:3      | 3004 ||| DROPPING +0 whip.
  3205 | D:3      | 3205 ||| READING scroll labelled XYAGHAD POREM.
  3270 | D:3      | Reached skill level 5 in Axes
  3392 | D:3      | 3392 ||| Stepping ~*~*~tactically~*~*~ (stealth).
  3400 | D:3      | 3400 ||| Stepping ~*~*~tactically~*~*~ (hiding).
  3519 | D:3      | 3519 ||| Stepping ~*~*~tactically~*~*~ (stealth).
  3529 | D:3      | Gained mutation: Your magical nature lets you fly swiftly
                  | and evasively. [Tengu growth]
  3529 | D:3      | Reached XP level 5. HP: 30/30 MP: 9/9
  3615 | D:3      | Reached skill level 6 in Axes
  3666 | D:3      | Identified the +4 robe "Tuticeno" {Str+3}
  3807 | D:3      | 3807 ||| Stepping ~*~*~tactically~*~*~ (stealth).
  3869 | D:3      | 3869 ||| Stepping ~*~*~tactically~*~*~ (stealth).
  3871 | D:3      | 3871 ||| Stepping ~*~*~tactically~*~*~ (stealth).
  3872 | D:3      | 3872 ||| Stepping ~*~*~tactically~*~*~ (stealth).
  3874 | D:3      | 3874 ||| Stepping ~*~*~tactically~*~*~ (stealth).
  3875 | D:3      | 3875 ||| Stepping ~*~*~tactically~*~*~ (stealth).
  3887 | D:3      | Found a faded altar of an unknown god.
  3897 | D:3      | Noticed Robin
  3898 | D:3      | Found a radiant altar of Vehumet.
  3948 | D:3      | Found a runed translucent gate.
  3948 | D:3      | Found a runed translucent gate.
  3949 | D:3      | Found a runed translucent gate.
  3949 | D:3      | Noticed qw's ghost (amateur TeWr)
  3953 | D:3      | 3953 ||| UPGRADING to +0 scale mail.
  3963 | D:3      | 3963 ||| DROPPING +0 ring mail.
  3964 | D:3      | 3964 ||| UPGRADING to +0 buckler.
  3969 | D:3      | 3969 ||| READING scroll labelled OVIVAG DUHA.
  3970 | D:3      | 3970 ||| READING scroll labelled SUOTOEM ZERO.
  4071 | D:3      | 4071 ||| READING scroll labelled KASSEZ ZUSAGG.
  4112 | D:4      | 4112 ||| PLANNING OSSUARY
  4193 | D:4      | 4193 ||| Stepping ~*~*~tactically~*~*~ (stealth).
  4196 | D:4      | 4196 ||| Stepping ~*~*~tactically~*~*~ (stealth).
  4198 | D:4      | 4198 ||| Stepping ~*~*~tactically~*~*~ (stealth).
  4234 | D:4      | Found Soisan's Jewellery Shop.
  4243 | D:4      | 4243 ||| SHOPLISTING +4 ring of slaying (936 gold, have
                  | 222).
  4243 | D:4      | 4243 ||| SHOPLISTING amulet of guardian spirit (360 gold,
                  | have 222).
  4243 | D:4      | 4243 ||| SHOPLISTING amulet of the acrobat (360 gold, have
                  | 222).
  4243 | D:4      | 4243 ||| SHOPLISTING ring of fire (300 gold, have 222).
  4243 | D:4      | 4243 ||| SHOPLISTING ring of resist corrosion (240 gold,
                  | have 222).
  4243 | D:4      | 4243 ||| BUYING ring of see invisible (180 gold).
  4243 | D:4      | Bought a ring of see invisible for 180 gold pieces
  4259 | D:4      | Reached skill level 1 in Shields
  4403 | D:4      | Noticed an ice beast
  4404 | D:4      | 4404 ||| FLEEEEING.
  4434 | D:4      | HP: 7/30 [ice beast (1)]
  4434 | D:4      | HP: 3/30 [ice beast (4)]
  4436 | D:4      | Slain by an ice beast

Levels and vault maps discovered:
D:1:      scummos_arrival_gate, layout_loops_ring, ebering_ecumenical_altar_box,
          minmay_misc_feat_x
D:2:      layout_loops_corners, basic_altar
D:3:      minmay_bubble_buster, layout_loops_cross,
          nicolae_overflow_ecumenical_swirl, old_standard_altar,
          ebering_ghost_rock_garden, minmay_checkerbox, uniq_robin
D:4:      layout_basic, minmay_temple_entry_statues_pillars, serial_shops, shop,
          nicolae_ossuary_entry_monument

Skill      XL: |  1  2  3  4  5 |
---------------+----------------+-----
Axes           | 3 4 5 6 |  6.2
Shields        | 1 |  1.4
Fighting       | |  2.0
Throwing       | |  1.0
Armour         | |  1.1
Dodging        | |  2.1
Spellcasting   | |  2.0
Translocations | |  2.4

Action                   |  1- 3 |  4- 6 || total
-------------------------+-------+-------++-------
Melee: Hand axe          |    92 |   115 ||   207
       Peck              |     8 |    16 ||    24
       Kick              |    21 |    20 ||    41
       Punch             |     1 |       ||     1
Throw: Boomerang         |     7 |    35 ||    42
  Use: Scroll            |     6 |     5 ||    11
       Potion            |     2 |       ||     2
 Stab: Sleeping          |       |     1 ||     1
Armor: Leather armour    |    20 |       ||    20
       Ring mail         |     1 |    19 ||    20
       Scale mail        |       |     7 ||     7
Dodge: Dodged            |    47 |    57 ||   104
Block: Buckler           |       |     7 ||     7

Table legend:
 A = Non-vault XP
 B = Vault XP
 C = Vault XP percentage of total XP
 D = Non-vault monster count
 E = Vault monster count
 F = Vault count percentage of total count
                 A         B        C        D         E       F
            +---------+---------+-------+---------+---------+-------
      Total |     196 |     114 |  36.8 |      70 |      19 |  21.3
            +---------+---------+-------+---------+---------+-------
        D:1 |      35 |       0 |   0.0 |      23 |       0 |   0.0
        D:2 |      41 |       0 |   0.0 |      22 |       0 |   0.0
        D:3 |      60 |     114 |  65.5 |      18 |      19 |  51.4
        D:4 |      60 |       0 |   0.0 |       7 |       0 |   0.0
            +---------+---------+-------+---------+---------+-------
